 Dungeon Crawl Stone Soup version 0.26.1-2-gb8aa6d0cf2 (webtiles) character file.

Game seed: 31964693693680871

247 FishyPogo the Skirmisher (level 5, -2/44 HPs)
             Began as a Demonspawn Chaos Knight on Feb 23, 2021.
             Was a Plaything of Xom.
             Slain by a hound (3 damage)
             ... on level 4 of the Dungeon.
             The game lasted 00:08:12 (2554 turns).

FishyPogo the Skirmisher (Demonspawn Chaos Knight)  Turns: 2554, Time: 00:08:13

Health: -2/44      AC:  5    Str: 13    XL:     5   Next: 85%
Magic:  5/5        EV: 11    Int: 14    God:    Xom [.*....]
Gold:   141        SH:  0    Dex: 12    Spells: 4/4 levels left

rFire    . . .     SeeInvis .   a - +1 spear (chaos)
rCold    + . .     Faith    .   (no shield)
rNeg     . . .     Spirit   .   b - +2 leather armour
rPois    .         Reflect  +   (no helmet)
rElec    .         Harm     .   (no cloak)
rCorr    .         Rampage  .   (no gloves)
Will     .....                  (no boots)
Stlth    +.........             e - amulet of reflection
HPRegen  0.14/turn              (no ring)
MPRegen  0.09/turn              (no ring)

@: confused, hasted, very quick
A: cold resistance 1, freezing cloud immunity
a: Renounce Religion


You were on level 4 of the Dungeon.
You worshipped Xom.
You were a plaything of Xom.
You visited 1 branch of the dungeon, and saw 4 of its levels.

You collected 141 gold pieces.

Inventory:

Hand Weapons
 a - a +1 spear of chaos (weapon)
Missiles
 c - 121 stones (quivered)
Armour
 b - a +2 leather armour (worn)
 d - a +0 kite shield
Jewellery
 e - an amulet of reflection (around neck)
Wands
 i - a wand of random effects (27)
Scrolls
 g - a scroll of identify
 j - a scroll of remove curse
 n - a scroll of amnesia
Potions
 f - 2 potions of curing {unknown}
 h - 2 potions of brilliance {unknown}
 m - a potion of haste
 o - a potion of lignification {unknown}
 p - 3 potions of heal wounds {unknown}


   Skills:
 * Level 5.5 Fighting
 - Level 3.0 Polearms
 + Level 2.5 Armour
 - Level 1.0 Dodging
 - Level 2.0 Shields


You had 4 spell levels left.
You didn't know any spells.
Your spell library was empty.

Dungeon Overview and Level Annotations

Branches:
Dungeon (4/15)
 Temple: D:4-7

Altars:
Ashenzari
Hepliaklqana
Nemelex Xobeh
Wu Jian
The Shining One


Innate Abilities, Weirdness & Mutations

Your flesh is cold resistant. (rC+)
You are immune to freezing clouds.


Message History

The hound closely misses you. The hound barely misses you.
You miss the hound.
The hound is moderately wounded.
The hound barely misses you. The hound closely misses you.
The hound bites you but does no damage. The hound bites you but does no damage.
The hound bites you.
* * * LOW HITPOINT WARNING * * *
Things that are here:
a +0 rapier; a +3 leather armour of fire resistance; the human corpse of Eustachio "Heh heh heh..."
You are more confused.
The hound bites you.
* * * LOW HITPOINT WARNING * * *
The hound bites you.
* * * LOW HITPOINT WARNING * * *
It was a potion of haste.
You feel yourself speed up. The hound bites you.
* * * LOW HITPOINT WARNING * * *
The hound bites you.
You die...
Xom is highly amused!

#### ....### #../.###
#.....# #.....##
##.#.@.###### #
.##+##.⌠#h)......# .##
.......(.....###.#...##
(....(.##.##.##.......#
.....(.....#.##.##...##
..'..h_...'...#.##.#
#..####
.........#...#.##.# .....
.........####.##.###..###
......(.#....##......#


You could see a hound (berserk).

Vanquished Creatures
  Eustachio (D:4)
  A centaur skeleton (D:4)
  3 gnolls (D:3)
  An adder (D:3)
  An ooze (D:1)
  An adder zombie (D:2)
  2 worms (D:2)
  2 dart slugs (D:2)
  2 leopard geckos (D:2)
  2 orcs
  2 ball pythons
  8 bats
  2 giant cockroaches
  5 goblins
  8 hobgoblins
  2 kobolds
  3 frilled lizards
  A jackal skeleton (D:4)
  10 rats
57 creatures vanquished.

Notes
Turn   | Place    | Note
-------+----------+-------------------------------------------
     0 | D:1      | FishyPogo the Demonspawn Chaos Knight began the quest for
                  | the Orb.
     0 | D:1      | Reached XP level 1. HP: 18/18 MP: 1/1
   392 | D:1      | Reached skill level 1 in Dodging
   392 | D:1      | Gained mutation: Your flesh is cold resistant. (rC+)
                  | [demonic ancestry]
   392 | D:1      | Reached XP level 2. HP: 24/24 MP: 2/2
   515 | D:1      | XOM: silly message
   549 | D:1      | XOM: divination: detect items
   609 | D:1      | XOM: divination: detect items
   731 | D:2      | XOM: silly message
   745 | D:2      | Found a hazy altar of Hepliaklqana.
   760 | D:2      | Reached XP level 3. HP: 29/29 MP: 3/3
   801 | D:2      | XOM: silly message
   875 | D:2      | Reached skill level 1 in Shields
  1005 | D:2      | Found a glowing golden altar of the Shining One.
  1005 | D:2      | Found an ornate altar of the Wu Jian Council.
  1007 | D:2      | Found a sparkling altar of Nemelex Xobeh.
  1258 | D:2      | Reached skill level 4 in Fighting
  1363 | D:2      | XOM: divination: magic mapping
  1609 | D:3      | Gained mutation: You are immune to freezing clouds.
                  | [demonic ancestry]
  1609 | D:3      | Reached XP level 4. HP: 37/37 MP: 4/4
  1699 | D:3      | XOM: divination: magic mapping
  1759 | D:3      | XOM: 10-stop teleportation journey
  1775 | D:3      | XOM: divination: magic mapping
  1891 | D:3      | XOM: 3-stop teleportation journey
  1905 | D:3      | XOM: god gift: falchion {god gift}
  2378 | D:4      | Noticed a vampire
  2406 | D:4      | Found a broken altar of Ashenzari.
  2424 | D:4      | Noticed Eustachio
  2449 | D:4      | Reached XP level 5. HP: 43/43 MP: 5/5
  2470 | D:4      | XOM: summons 2 friendly demons
  2491 | D:4      | Killed Eustachio
  2492 | D:4      | Reached skill level 5 in Fighting
  2549 | D:4      | XOM: confusion
  2553 | D:4      | XOM: confusion
  2554 | D:4      | HP: 1/44 [hound (2)]
  2554 | D:4      | Slain by a hound

Illustrated notes

Levels and vault maps discovered:
D:1:      minmay_arrival_glassed_features, layout_rooms
D:2:      layout_loops_ring, nzn_hepliaklqana_mist_gate,
          gammafunk_temple_overflow_claw
D:3:      layout_loops_corners, kennysheep_generic_room_11
D:4:      layout_loops_corners, nicolae_overflow_crystal_walls,
          biasface_ghost_orc_armoury, evilmike_ruin_ashenzari, uniq_eustachio,
          uniq_sigmund

Skill      XL: |  1  2  3  4  5 |
---------------+----------------+-----
Polearms       | 3 |  3.0
Dodging        | 1 |  1.0
Armour         | 2 |  2.5
Shields        | 1 2 |  2.0
Fighting       | 4 5 |  5.5

Action                   |  1- 3 |  4- 6 || total
-------------------------+-------+-------++-------
Melee: Spear             |   126 |    85 ||   211
Throw: Stone             |       |     8 ||     8
  Use: Scroll            |       |     5 ||     5
       Potion            |       |     1 ||     1
 Stab: Petrified         |     2 |       ||     2
       Paralysed         |     1 |       ||     1
Armor: Leather armour    |    29 |    20 ||    49
Dodge: Dodged            |    47 |    40 ||    87
Block: Other             |    11 |    15 ||    26
